cohdb
Replays
Latest Replays
All Replays
Popular Replays
Top Player Replays
Match Explorer
How It Works
Community
CoH3 Stats
Reddit
Sign in to upload your games and track your stats! →
Sign in with Steam
Match 32581290
Unlisted
Match 32581290
Overview
Messages
Build Orders
End
Construct Infanterie Kompanie
Selects Italian Coastal Battlegroup
Grenadier Squad
Selects Coastal Reserves
Grenadier Squad
Coastal Reserve
Medical Station
GrW 34 Mortar Team
Selects Artillery Officer
Artillery Officer
Construct Panzergrenadier Kompanie
251 Medium Carrier
Panzergrenadier Squad
Panzergrenadier Squad
Selects Support Bunkers
Selects Designated Artillery Overwatch
MG 42 Bunker
Construct Panzer Kompanie
MG 42 Bunker
Selects Bulwark
Selects Coastal Wall
Panzer IV Medium Tank
MG 42 Bunker
Side Skirts
ゼロ
OMG …(⊙_⊙;)… (TH)
Alika-v
Bro, I am in trouble, too.
BOFF
Aerohank
yoroshiku
gUi
0
0
Comments
sign in to comment!
No comments posted yet!